 Dungeon Crawl Stone Soup version 0.28-a0-317-g21599a725c (webtiles) character file.

Game seed: 697534969693563545

8 AarnesTheHuman the Chiller (level 2, 20/20 HPs)
             Began as a Barachi Ice Elementalist on Sept 1, 2021.
             Was an Initiate of Gozag.
             Got out of the dungeon alive.
             The game lasted 00:00:56 (684 turns).

AarnesTheHuman the Chiller (BaIE)                    Turns: 684, Time: 00:00:57

Health: 20/20      AC:  2    Str:  9    XL:     2   Next: 8%
Magic:  5/5        EV: 12    Int: 15    God:    Gozag
Gold:   14         SH:  0    Dex: 12    Spells: 4/5 levels left

rFire   . . .      SeeInvis .   c - +0 club
rCold   . . .      Faith    .   (no shield)
rNeg    . . .      Spirit   .   a - +0 robe
rPois   .          Reflect  .   (no helmet)
rElec   .          Harm     .   (no cloak)
rCorr   .          Rampage  .   (no gloves)
Will    .....                   (no boots)
Stlth   ++........              (no amulet)
HPRegen 0.06/turn               (no ring)
MPRegen 0.09/turn               (no ring)

@: slow
A: amphibious, slowness 1, strong legs 1, +LOS
a: Hop, Renounce Religion, Potion Petition, Call Merchant, Bribe Branch


You escaped.
You worshipped Gozag.
Gozag was noncommittal.
You visited 1 branch of the dungeon, and saw 1 of its levels.

You collected 14 gold pieces.

Inventory:

Hand Weapons
 c - a +0 club (weapon)
Armour
 a - a +0 robe (worn)
Scrolls
 b - a scroll of torment {unknown}
 e - a scroll of identify {unknown}
 f - a scroll of teleportation {unknown}
Potions
 d - a potion of haste {unknown}


   Skills:
 + Level 0.8 Fighting
 - Level 2.1 Dodging
 - Level 1.7 Stealth
 + Level 2.3 Spellcasting
 * Level 5.1 Ice Magic


You had 4 spell levels left.
You knew the following spells:

 Your Spells              Type           Power      Damage    Failure   Level
a - Freeze                Ice            68%        1d8       2%          1

Your spell library contained the following spells:

 Spells                   Type           Power      Damage    Failure   Level
 Frozen Ramparts          Ice            34%        1d5       8%          3
 Ozocubu's Armour         Ice            17%        N/A       8%          3
 Hailstorm                Conj/Ice       9%         3d4       58%         4


Dungeon Overview and Level Annotations

Branches:
Dungeon (1/15)

Altars:
Gozag


Innate Abilities, Weirdness & Mutations

You are amphibious.
You cover ground slowly.
You can hop short distances.
You have an extended range of vision and can be seen from far away.


Message History

You freeze the ball python.
You kill the ball python!
You have reached level 2!
f - a scroll labelled YLUDOIM DUCIEPH A giant cockroach comes into view.
You barely miss the giant cockroach.
The giant cockroach barely misses you. x2
Casting: Freeze (safe; 2% risk of failure)
Confirm with . or Enter, or press ? or * to list all spells.
Aiming: Freeze (safe; 2% risk of failure)
Press: ? - help, Shift-Dir - straight line, f - giant cockroach
Aim: a giant cockroach You freeze the giant cockroach.
The giant cockroach is heavily wounded.
The giant cockroach barely misses you.
Casting: Freeze (safe; 2% risk of failure)
Confirm with . or Enter, or press ? or * to list all spells.
Aiming: Freeze (safe; 2% risk of failure)
Press: ? - help, Shift-Dir - straight line, f/p - giant cockroach
Aim: a giant cockroach (heavily wounded)
You freeze the giant cockroach!
You kill the giant cockroach!
Found a faded altar of an unknown god.
A kobold comes into view. It is wielding a +0 dagger.
Found a scroll labelled FUNENAXTA.
There is a faded altar of an unknown god here.
You cannot tell which god this altar belongs to.
Convert to them anyway?
Okay, then.
You cannot tell which god this altar belongs to.
Convert to them anyway?
Gozag accepts your prayer! Gozag welcomes you!
Gozag waives the service fee.
A kobold is nearby!
You offer a prayer to Gozag.
You see here a giant cockroach corpse.
There is an open door here.
There is a staircase leading out of the dungeon here.
Are you sure you want to leave the Dungeon?
This will make you lose the game!
Alright, then stay!
Are you sure you want to leave the Dungeon?
This will make you lose the game!
You have escaped!

#######..........#########.##...#
#....##.....#.........#..#...#
#.#.........#########.##.#...#
#.#.......#.###8.8###.##.....#
##...........##......#.###....#
#...#.#.#######......#.# #....#
###.....#.# ##.(8...#.# ##)###
..#.#####.# #8......#.####..##
....##....# #@......'.##.....)
###....#### #8......#.##......
....#### ##..8...#.##...... ....#
#......#......... ...##
#......########.. #### ##8.8###
##. ##### ####. ..##. #.#..


There were no monsters in sight!

Vanquished Creatures
  A giant cockroach (D:1)
  2 goblins (D:1)
  A hobgoblin (D:1)
  A ball python (D:1)
  2 frilled lizards (D:1)
  A kobold (D:1)
8 creatures vanquished.

Notes
Turn   | Place    | Note
-------+----------+-------------------------------------------
     0 | D:1      | AarnesTheHuman the Barachi Ice Elementalist began the quest
                  | for the Orb.
     0 | D:1      | Reached XP level 1. HP: 13/13 MP: 3/3
   314 | D:1      | Reached skill level 5 in Ice Magic
   505 | D:1      | Reached XP level 2. HP: 14/20 MP: 3/5
   639 | D:1      | Found a faded altar of an unknown god.
   644 | D:1      | Became a worshipper of Gozag Ym Sagoz the Greedy
   684 | D:$      | Got out of the dungeon alive.

Illustrated notes

Levels and vault maps discovered:
D:1:      mrwooster_arrival_statue_3, layout_basic, basic_ecumenical_altar,
          serial_shops, nicolae_shop_statue_plus

Skill      XL: |  1 |
---------------+----+-----
Ice Magic      | 5 |  5.1
Fighting       | |  0.8
Dodging        | |  2.1
Stealth        | |  1.7
Spellcasting   | |  2.3

Action                   || total
-------------------------++-------
Melee: Club              ||     5
       Unarmed           ||     3
 Cast: Freeze            ||     8
 Stab: Distracted        ||     1
Armor: Robe              ||     1
Dodge: Dodged            ||     9

Table legend: (Time is in decaauts)
 A = Elapsed time spent in this place.
 B = Non-inter-level travel time spent in this place.
 C = Inter-level travel time spent in this place.
 D = Time resting spent in this place.
 E = Time spent auto-exploring this place.
 F = Levels seen in this place.
 G = Mean time per level.
                   A        B        C        D        E       F      G
               +--------+--------+--------+--------+--------+-----+--------+
         Total |    729 |    689 |     40 |    124 |    488 |   1 |  729.0 |
       Dungeon |    729 |    689 |     40 |    124 |    488 |   1 |  729.0 |
               +--------+--------+--------+--------+--------+-----+--------+

Top non-repeatable levels by time:
     D:1: 729 daAuts
